 Dungeon Crawl Stone Soup version 0.25-a0-308-geac79542e2 (webtiles) character file.

Game seed: 12177887854174429916, levelgen mode: deterministic

284 Lanoc the Magician (level 6, -3/41 HPs)
             Began as a Mummy Venom Mage on Dec 22, 2019.
             Killed from afar by Ijyb (16 damage)
             ... with an iceblast
             ... on level 3 of the Dungeon.
             The game lasted 00:06:58 (2723 turns).

Lanoc the Magician (Mummy Venom Mage)               Turns: 2723, Time: 00:06:59

Health: -3/41      AC:  3    Str: 11    XL:     6   Next: 7%
Magic:  12/12      EV: 13    Int: 16    God:
Gold:   101        SH:  0    Dex: 13    Spells: 10/14 levels left

rFire    . . .     SeeInvis .   a - +4 quarterstaff (chaos)
rCold    + . .     Gourm    .   (shield currently unavailable)
rNeg     + + +     Faith    .   g - +0 robe {rF+}
rPois    ∞         Spirit   .   (no helmet)
rElec    .         Reflect  .   h - +0 cloak
rCorr    .         Harm     .   (no gloves)
MR       .....                  (no boots)
Stlth    ++........             (no amulet)
HPRegen  0.13/turn              (no ring)
MPRegen  0.13/turn              (no ring)

@: no status effects
A: no food or potions, fire vulnerability, cold resistance 1, negative energy
resistance 3, torment resistance, unbreathing
a: no special abilities


You were on level 3 of the Dungeon.
You were not hungry.

You visited 1 branch of the dungeon, and saw 3 of its levels.

You collected 101 gold pieces.

Inventory:

Hand Weapons
 a - a +4 quarterstaff of chaos (weapon)
Armour
 g - a +0 robe of fire resistance (worn)
 h - a +0 cloak (worn)
Scrolls
 b - a scroll of remove curse {unknown}
 c - a scroll of immolation {unknown}
 d - a scroll of fear {unknown}
 e - 2 scrolls of identify {unknown}
 f - a scroll of blinking {unknown}


   Skills:
 + Level 2.9 Dodging
 - Level 1.5 Stealth
 + Level 4.5 Spellcasting
 + Level 2.5 Transmutations
 + Level 3.5 Poison Magic


You had 10 spell levels left.
You knew the following spells:

 Your Spells              Type           Power        Failure   Level  Hunger
a - Sting                 Tmut/Pois      ##..         4%          1    N/A
b - Ignite Poison         Fire/Tmut/Pois ##......     22%         3    N/A

Your spell library contained the following spells:

 Spells                   Type           Power        Failure   Level  Hunger
 Poisonous Vapours        Pois/Air       #.....       12%         2    N/A
 Mephitic Cloud           Conj/Pois/Air  #.......     30%         3    N/A
 Olgreb's Toxic Radiance  Pois           ##......     36%         4    N/A

Dungeon Overview and Level Annotations

Branches:
Dungeon (3/15)

Altars:
Trog
Xom

Annotations:
D:3 Ijyb


Innate Abilities, Weirdness & Mutations

You do not eat or drink.
Your flesh is vulnerable to fire.
You are immune to poison.
Your flesh is cold resistant. (rC+)
You are immune to negative energy. (rN+++)
You are immune to unholy pain and torment.
You can survive without breathing.


Message History

You thump the goblin! You burn the goblin.
You kill the goblin!
The hobgoblin completely misses you. The goblin closely misses you.
You thump the goblin!
You kill the goblin!
The hobgoblin hits you.
* * * LOW HITPOINT WARNING * * *
The hobgoblin misses you.
You closely miss the hobgoblin. The hobgoblin barely misses you.
You thump the hobgoblin!
You kill the hobgoblin!
There is a stone staircase leading down here.
You climb downwards.
Level annotation: Ijyb Ijyb looks more healthy.
There is a stone staircase leading up here.
Ijyb is no longer petrified.
You barely miss the dart slug.
Ijyb zaps a wand.
The mass of ice explodes!
The iceblast engulfs you! You partially resist.
You die...

..#....# ...
#....... .#.#
#.....####....
###........>#.#
...............
#.....?...#.#
#............
#..<......#
###@.......$.
##w........
#...g.....
#.........
#.######## #..
.<. ##


You could see Ijyb and a dart slug.

Vanquished Creatures
  Sigmund (D:2)
  Crazy Yiuf (D:2)
  Jessica (D:2)
  An adder (D:2)
  An ooze (D:1)
  A worm (D:2)
  A leopard gecko (D:1)
  An orc (D:2)
  4 giant cockroaches
  10 goblins
  4 hobgoblins
  4 jackals (D:1)
  A quokka (D:2)
  A ball python (D:1)
  5 bats
  7 frilled lizards
  6 kobolds
  8 rats
  A fungus (D:2)
59 creatures vanquished.

Notes
Turn   | Place    | Note
-------+----------+-------------------------------------------
     0 | D:1      | Lanoc the Mummy Venom Mage began the quest for the Orb.
     0 | D:1      | Reached XP level 1. HP: 13/13 MP: 4/4
   119 | D:1      | Reached skill level 1 in Transmutations
   394 | D:1      | Reached XP level 2. HP: 19/19 MP: 1/5
   413 | D:1      | Reached skill level 3 in Spellcasting
   576 | D:1      | Reached XP level 3. HP: 22/24 MP: 0/7
  1374 | D:2      | Noticed Jessica
  1389 | D:2      | Killed Jessica
  1389 | D:2      | Reached XP level 4. HP: 30/30 MP: 0/9
  1395 | D:2      | Found a shimmering altar of Xom.
  1560 | D:2      | Noticed Sigmund
  1821 | D:2      | Found a bloodstained altar of Trog.
  1905 | D:2      | Killed Sigmund
  1905 | D:2      | Reached skill level 4 in Spellcasting
  1905 | D:2      | Reached XP level 5. HP: 16/35 MP: 8/11
  1960 | D:2      | Learned a level 3 spell: Ignite Poison
  2069 | D:2      | Found a runed translucent door.
  2070 | D:2      | Noticed Crazy Yiuf
  2074 | D:2      | Paralysed by Crazy Yiuf for 5 turns
  2129 | D:2      | HP: 1/35 [Crazy Yiuf/+4 quarterstaff of chaos (1)]
  2492 | D:2      | Killed Crazy Yiuf
  2492 | D:2      | Reached XP level 6. HP: 41/41 MP: 9/12
  2515 | D:3      | Noticed Ijyb
  2723 | D:3      | Killed from afar by Ijyb

Levels and vault maps discovered:
D:1:      mrwooster_arrival_statue_3, layout_loops_ring,
          kennysheep_small_spiral, due_unseen_surprise
D:2:      layout_loops_corners, bloody_trog, xom_teletrap_fun, uniq_sigmund,
          uniq_crazy_yiuf_cottage, uniq_jessica
D:3:      layout_rooms, st_stairs_10, uniq_ijyb

Skill      XL: |  1  2  3  4 |
---------------+-------------+-----
Transmutations | 1 2 |  2.5
Spellcasting   | 3 4 |  4.5
Dodging        | 2 |  2.9
Poison Magic   | 3 |  3.5
Stealth        | |  1.5

Action                   |  1- 3 |  4- 6 || total
-------------------------+-------+-------++-------
Melee: Unarmed           |    22 |    37 ||    59
       Quarterstaff      |       |    20 ||    20
 Cast: Sting             |    70 |    19 ||    89
 Stab: Petrified         |       |     4 ||     4
Armor: Robe              |    20 |     9 ||    29
Dodge: Dodged            |    41 |    41 ||    82

Table legend:
 A = Non-vault XP
 B = Vault XP
 C = Vault XP percentage of total XP
 D = Non-vault monster count
 E = Vault monster count
 F = Vault count percentage of total count
                 A         B        C        D         E       F
            +---------+---------+-------+---------+---------+-------
      Total |     104 |     302 |  74.4 |      53 |       5 |   8.6
            +---------+---------+-------+---------+---------+-------
        D:1 |      44 |       0 |   0.0 |      26 |       0 |   0.0
        D:2 |      60 |     302 |  83.4 |      27 |       5 |  15.6
            +---------+---------+-------+---------+---------+-------
